 Dungeon Crawl Stone Soup version 0.31-a0-246-g8cbcc1cb85 (webtiles) character file.

Game seed: 16210691619422560895

90 qw the Shooter (level 4, -2/36 HPs)
             Began as a Minotaur Hexslinger on July 12, 2023.
             Killed from afar by an orc wizard (5 damage)
             ... with a puff of flame
             ... on level 2 of the Dungeon.
             The game lasted 00:00:42 (1398 turns).

qw the Shooter (Minotaur Hexslinger)                Turns: 1398, Time: 00:00:43

Health: -2/36      AC:  8    Str: 13    XL:     4   Next: 32%
Magic:  4/4        EV: 11    Int: 10    God:
Gold:   36         SH:  0    Dex: 14    Spells: 4/5 levels left

rFire   . . .        Y - +1 sling
rCold   . . .        (no shield)
rNeg    . . .        i - +0 ring mail
rPois   .            (helmet restricted)
rElec   .            (no cloak)
rCorr   .            (no gloves)
SInv    .            f - +2 pair of boots
Will    .....        (no amulet)
Stlth   +            (no ring)
HPRegen 0.26/turn    (no ring)
MPRegen 0.09/turn

%: no passive effects
@: no status effects
A: horns 2, retaliatory headbutt
a: no special abilities


You were on level 2 of the Dungeon.
You visited 1 branch of the dungeon, and saw 3 of its levels.

You collected 102 gold pieces.
You spent 66 gold pieces at shops.


Innate Abilities, Weirdness & Mutations

You have a pair of horns on your head.
You reflexively headbutt those who attack you in melee.


   Skills:
 - Level 2.1 Fighting
 + Level 4.6 Ranged Weapons
 - Level 1.0 Armour
 - Level 2.1 Dodging
 - Level 1.0 Spellcasting
 - Level 2.0 Hexes


You had 4 spell levels left.
You knew the following spells:

 Your Spells              Type           Power      Damage    Failure   Level
a - Slow                  Hex            16%        N/A       32%         1

Your spell library contained the following spells:

 Spells                   Type           Power      Damage    Failure   Level
 Inner Flame              Hex/Fire       2%         N/A       82%         3
 Portal Projectile        Hex/Tloc       4%         N/A       82%         3
 Cause Fear               Hex            2%         N/A       97%         4

Inventory:

Hand Weapons
 Y - a +1 sling (weapon)
Armour
 f - a +2 pair of boots (worn)
 i - a +0 ring mail (worn)
Potions
 e - a potion of degeneration {unknown}
 j - 2 potions of curing

Dungeon Overview and Level Annotations

Branches:
Dungeon (3/15)

Altars:

Shops:
D:2 !


Message History

1386 ||| (to cure confusion)
The orc wizard hits you with a +0 dagger.
You shoot a sling bullet.
The sling bullet hits the orc wizard but does no damage.
The orc wizard mumbles some strange words.
The orc wizard flickers and vanishes!
Deactivating autopickup; reactivate with Ctrl-A.
You shoot a sling bullet. Something hits you but does no damage.
Something hits you.
You shoot a sling bullet. Something hits you but does no damage.
You shoot a sling bullet. Something hits you but does no damage.
You shoot a sling bullet.
You hear some strange, mumbled words.
You are confused.
Something hits you but does no damage.
You shoot a sling bullet. Something hits you but does no damage.
You shoot a sling bullet. Something hits you but does no damage.
You shoot a sling bullet. Something hits you but does no damage.
You shoot a sling bullet. Something hits you.
You hear some strange, mumbled words.
A magic dart appears from out of thin air!
The magic dart hits you!
You shoot a sling bullet.
You hear some strange, mumbled words.
A puff of flame appears from out of thin air!
The puff of flame hits you!
You shoot a sling bullet.
You feel less confused. Something hits you.
Something hits you but does no damage.
You shoot a sling bullet.
You hear some strange, mumbled words.
A puff of flame appears from out of thin air!
The puff of flame hits you.
You die...

#.#..#########.#
#.#..#.......#.# ####
#.#..#.#####.#.## ...#
#######.#..#....##.#).#
...#
#....##.#..####.##.##.#
...# #....##.#..#
#.#.....# ...#
#....##.#..# #.#######
...#####....##.#..####.#
.......'.......[@[.....#
.%.#####....##.#{)######
...# #...%##.#[.########
...# #....##.#.........#
..\# #....##.#.#######.#
#### ###...#.#.# #.#
#.#.#...#######.#
#####.#..........##.#
#.....##...#####.##.#


There were no monsters in sight!

Vanquished Creatures
  An orc wizard (D:2)
  A worm (D:2)
  A dart slug (D:1)
  3 orcs
  5 bats
  5 endoplasms
  4 giant cockroaches
  5 goblins
  2 hobgoblins
  2 quokkas
  6 ball pythons
  5 frilled lizards
  7 kobolds
  4 rats
  A spectral kobold (D:1)
52 creatures vanquished.

Notes
Turn   | Place    | Note
-------+----------+-------------------------------------------
     0 | D:1      | qw the Minotaur Hexslinger began the quest for the Orb.
     0 | D:1      | Reached XP level 1. HP: 16/16 MP: 1/1
     0 | D:1      | 0 ||| qw: Version: 0.3-a-52-g30416fa
     0 | D:1      | 0 ||| qw: Game counter: 6527
     0 | D:1      | 0 ||| qw: Melee chars always use a shield: true
     0 | D:1      | 0 ||| qw: God list: Okawaru
     0 | D:1      | 0 ||| qw: Allow faded altars: false
     0 | D:1      | 0 ||| qw: Do Orc after clearing Dungeon:15 true
     0 | D:1      | 0 ||| qw: Do second Lair branch before Depths: true
     0 | D:1      | 0 ||| qw: Lair rune preference: random
     0 | D:1      | 0 ||| qw: Goals: Normal
     0 | D:1      | 0 ||| PLANNING D:1-11
   195 | D:1      | Found a faded altar of an unknown god.
   217 | D:1      | Reached skill level 3 in Ranged Weapons
   217 | D:1      | Reached XP level 2. HP: 21/23 MP: 2/2
   665 | D:1      | Reached XP level 3. HP: 29/29 MP: 3/3
   793 | D:1      | 793 ||| UPGRADING to +0 leather armour.
   803 | D:1      | 803 ||| DROPPING +0 robe.
   804 | D:1      | 804 ||| UPGRADING to +2 pair of boots.
   809 | D:1      | 809 ||| UPGRADING to +0 ring mail.
   819 | D:1      | 819 ||| DROPPING +0 leather armour.
   820 | D:1      | 820 ||| READING 3 scrolls labelled FEPHEHYIMO.
   821 | D:1      | 821 ||| READING scroll labelled XOIDOXKU ZIBAH.
   822 | D:1      | 822 ||| DROPPING 2 scrolls of fog.
   823 | D:1      | 823 ||| DROPPING scroll of poison.
  1076 | D:2      | Reached skill level 4 in Ranged Weapons
  1194 | D:2      | Reached skill level 1 in Armour
  1196 | D:2      | Found Hataw's Distillery.
  1202 | D:2      | 1202 ||| BUYING 2 potions of curing (66 gold).
  1202 | D:2      | Bought 2 potions of curing for 66 gold pieces
  1202 | D:2      | 1202 ||| SHOPLISTING 2 potions of mutation (176 gold, have
                  | 36).
  1202 | D:2      | 1202 ||| SHOPLISTING potion of heal wounds (55 gold, have
                  | 36).
  1202 | D:2      | 1202 ||| SHOPLISTING potion of might (44 gold, have 36).
  1202 | D:2      | 1202 ||| SHOPLISTING potion of mutation (88 gold, have 36).
  1282 | D:2      | 1282 ||| READING scroll labelled UMMA SOSUWNODUU.
  1283 | D:2      | 1283 ||| READING scroll labelled VEVAXZ TATA.
  1311 | D:3      | 1311 ||| STAIRDANCE
  1328 | D:3      | 1328 ||| STAIRDANCE
  1334 | D:2      | Reached XP level 4. HP: 29/36 MP: 4/4
  1364 | D:3      | 1364 ||| STAIRDANCE
  1386 | D:2      | 1386 ||| DRINKING 3 potions of curing.
  1386 | D:2      | 1386 ||| (to cure confusion)
  1396 | D:2      | HP: 5/36 [something/puff of flame (8)]
  1398 | D:2      | Killed from afar by an orc wizard

Levels and vault maps discovered:
D:1:      minmay_arrival_four_houses, layout_loops_ring,
          dreamdust_ecumenical_altar_drowned_temple, minivault_27
D:2:      layout_basic, serial_shops, shop
D:3:      layout_rooms, mainiacjoe_overflow_small_starburst, st_stairs_13,
          hangedman_abyss_or_decor_stabs

Skill      XL: |  1  2  3 |
---------------+----------+-----
Ranged Weapons | 3 4 |  4.6
Fighting       | 2 |  2.1
Armour         | 1 |  1.0
Dodging        | |  2.1
Spellcasting   | |  1.0
Hexes          | |  2.0

Action                     |  1- 3 |  4- 6 || total
---------------------------+-------+-------++-------
   Fire: Sling             |   149 |    34 ||   183
    Use: Scroll            |     4 |       ||     4
         Potion            |       |     1 ||     1
 Armour: Robe              |     8 |       ||     8
         Ring mail         |     7 |    29 ||    36
  Dodge: Dodged            |    33 |     7 ||    40

Table legend:
 A = Non-vault XP
 B = Vault XP
 C = Vault XP percentage of total XP
 D = Non-vault monster count
 E = Vault monster count
 F = Vault count percentage of total count
                 A         B        C        D         E       F
            +---------+---------+-------+---------+---------+-------
      Total |     128 |       1 |   0.8 |      51 |       1 |   1.9
            +---------+---------+-------+---------+---------+-------
        D:1 |      40 |       1 |   2.4 |      22 |       1 |   4.3
        D:2 |      82 |       0 |   0.0 |      26 |       0 |   0.0
        D:3 |       6 |       0 |   0.0 |       3 |       0 |   0.0
            +---------+---------+-------+---------+---------+-------
